 Dungeon Crawl Stone Soup version 0.28.0-53-g5a82cb258f (webtiles) character file.

Game seed: 15538895102447690201

3495 DocClef the Frost Mage (level 10, -14/65 HPs)
             Began as a Gnoll Ice Elementalist on July 10, 2022.
             Was a Believer of Hepliaklqana.
             Demolished by an orc knight
             ... wielding a +0 glaive
              (19 damage)
             ... in a bailey.
             The game lasted 00:18:04 (9963 turns).

DocClef the Frost Mage (Gnoll Ice Elementalist)     Turns: 9963, Time: 00:18:05

Health: -14/65     AC: 17    Str: 12      XL:     10   Next: 7%
Magic:  17/20      EV: 15    Int: 18 (19) God:    Hepliaklqana [**....]
Gold:   258        SH:  0    Dex: 15      Spells: 16/23 levels left

rFire   x . .      SeeInvis +   v - +1 trident (protect)
rCold   . . .      Faith    .   o - orb {light}
rNeg    . . .      Spirit   .   w - +1 steam dragon scales
rPois   +          Reflect  .   (no helmet)
rElec   .          Harm     .   z - +0 cloak
rCorr   .          Rampage  .   (no gloves)
Will    .....                   q - +0 pair of boots
Stlth   ++........              u - amulet "Pen Nuc" {RegenMP rPois rF- Str+5 SInv}
HPRegen 0.20/turn               (no ring)
MPRegen 0.57/turn               (no ring)

@: ice-armoured, freezing walls, glowing
A: reduced essence, fangs 1, strong nose, distributed training, see invisible,
agile 1, deterioration 1, poison resistance
a: Renounce Religion, Recall Ancestor, Ancestor Identity


You were in a bailey.
You worshipped Hepliaklqana.
Hepliaklqana was pleased with you.
You visited 2 branches of the dungeon, and saw 9 of its levels.
You also visited: Bailey.

You collected 258 gold pieces.

Inventory:

Hand Weapons
 b - a +1 dagger of draining
 v - a +1 trident of protection (weapon)
Armour
 o - an orb of light (worn)
 q - a +0 pair of boots (worn)
 w - +1 steam dragon scales (worn)
 z - a +0 cloak (worn)
Jewellery
 a - a +6 ring of intelligence
 c - an amulet of reflection
 u - the amulet "Pen Nuc" (around neck) {RegenMP rPois rF- Str+5 SInv}
   (You found it on level 6 of the Dungeon)

   [amulet of magic regeneration]

   It increases your rate of magic regeneration.
   Str:       It affects your strength (+5).
   rF:        It makes you vulnerable to fire.
   rPois:     It protects you from poison.
   SInv:      It lets you see invisible.
Wands
 e - a wand of iceblast (8)
 j - a wand of acid (3)
 n - a wand of charming (8)
Scrolls
 d - 3 scrolls of enchant armour
 g - 6 scrolls of teleportation
 p - 2 scrolls of identify
Potions
 k - 2 potions of invisibility
 l - a potion of might {unknown}
 s - a potion of brilliance
 t - a potion of cancellation {unknown}
 x - a potion of lignification
 A - a potion of ambrosia {unknown}
 B - a potion of flight {unknown}


   Skills:
 + Level 4.9 Fighting
 + Level 4.9 Short Blades
 + Level 4.9 Long Blades
 + Level 4.9 Axes
 + Level 4.9 Maces & Flails
 + Level 4.9 Polearms
 + Level 4.9 Staves
 + Level 4.9 Slings
 + Level 4.9 Bows
 + Level 4.9 Crossbows
 + Level 4.9 Throwing
 + Level 4.9 Armour
 + Level 6.8 Dodging
 + Level 6.5 Stealth
 + Level 4.9 Shields
 + Level 4.9 Unarmed Combat
 + Level 7.1 Spellcasting
 + Level 4.0 Conjurations
 + Level 4.0 Hexes
 + Level 4.0 Summonings
 + Level 4.0 Necromancy
 + Level 4.0 Translocations
 + Level 4.0 Transmutations
 + Level 4.0 Fire Magic
 + Level 8.3 Ice Magic
 + Level 4.0 Air Magic
 + Level 4.0 Earth Magic
 + Level 4.0 Poison Magic
 + Level 5.4 Invocations
 + Level 4.9 Evocations


You had 16 spell levels left.
You knew the following spells:

 Your Spells              Type           Power      Damage    Failure   Level
a - Freeze                Ice            100%       1d11      1%          1
b - Frozen Ramparts       Ice            72%        1d9       1%          3
c - Ozocubu's Armour      Ice            36%        N/A       1%          3

Your spell library contained the following spells:

 Spells                   Type           Power      Damage    Failure   Level
 Sting                    Tmut/Pois      84%        1d7       1%          1
 Poisonous Vapours        Pois/Air       42%        N/A       3%          2
 Gell's Gravitas          Tloc           21%        N/A       6%          3
 Lesser Beckoning         Tloc           21%        N/A       6%          3
 Teleport Other           Tloc           21%        N/A       6%          3
 Hailstorm                Conj/Ice       28%        3d8       9%          4
 Olgreb's Toxic Radiance  Pois           21%        N/A       21%         4
 Fireball                 Conj/Fire      10%        3d6       50%         5
 Starburst                Conj/Fire      10%        6d5       97%         6
 Ozocubu's Refrigeration  Ice            18%        4d8       97%         7
 Ignition                 Fire           10%        3d5       100%        8


Dungeon Overview and Level Annotations

Branches:
Dungeon (8/15)             Temple (1/1) D:4          Bailey (1/1)
   Lair: D:8-11

Altars:
Ashenzari
Dithmenos
Elyvilon
Fedhas
Gozag
Hepliaklqana
Kikubaaqudgha
Makhleb
Nemelex Xobeh
Okawaru
Qazlal
Ru
Sif Muna
Trog
Uskayaw
Vehumet
Wu Jian
Xom
Yredelemnul
Zin
The Shining One

Annotations:
D:4 Natasha
D:6 2 transporters, Diggabert's ghost, amateur FoAK
D:7 2 transporters, 1 runed translucent door, dornbeast's ghost, novice HuIE


Innate Abilities, Weirdness & Mutations

Your life essence is reduced to manifest your ancestor. (-10% HP)
You have very sharp teeth.
Your uncanny sense of smell can sniff out nearby items.
Your experience applies equally to all skills.
You have supernaturally acute eyesight. (SInv)
You are agile. (Dex +2)
Your body sometimes deteriorates upon taking damage.
Your system is resistant to poisons. (rPois)


Message History

Casting: Ozocubu's Armour (safe; 1% risk of failure)
Confirm with . or Enter, or press ? or * to list all spells.
A film of ice covers your body!
The orc knight hits you from afar with a +0 glaive.
Hrothgar hits the orc knight but does no damage.
Casting: Ozocubu's Armour (safe; 1% risk of failure)
Confirm with . or Enter, or press ? or * to list all spells.
Casting: Frozen Ramparts (safe; 1% risk of failure)
Press: ? - help, Dir - look around, f - activate This square is lit by a halo.
The walls around you are covered in ice.
The wall freezes the orc knight!
The orc knight hits you from afar with a +0 glaive!
* * * LOW HITPOINT WARNING * * *
The wall freezes the orc warrior!
You kill the orc warrior!
Hrothgar hits the orc knight with a +0 flail.
You are too injured to fight recklessly!
Reach: v) +1 trident (protect)
Press: ? - help, Dir - move target, f - orc knight
Aim: an orc knight, wielding a +0 glaive and wearing a +0 chain mail (moderately wounded, ally target, haloed, about 23% to evade your +1 trident of protection)
You reach to attack!
You barely miss the orc knight.
The orc knight is moderately wounded.
The wall freezes the orc knight.
The orc knight hits you from afar with a +0 glaive!
* * * LOW HITPOINT WARNING * * *
Hrothgar closely misses the orc knight.
Reach: v) +1 trident (protect)
Press: ? - help, Dir - move target, f/p - orc knight
Aim: an orc knight, wielding a +0 glaive and wearing a +0 chain mail (moderately wounded, ally target, haloed, about 23% to evade your +1 trident of protection)
You could not reach far enough!
The wall freezes the orc knight.
The orc knight hits you from afar with a +0 glaive.
* * * LOW HITPOINT WARNING * * *
Hrothgar closely misses the orc knight.
Reach: v) +1 trident (protect)
Press: ? - help, Dir - move target, f/p - orc knight
Aim: an orc knight, wielding a +0 glaive and wearing a +0 chain mail (moderately wounded, ally target, haloed, about 23% to evade your +1 trident of protection)
You could not reach far enough!
The wall freezes the orc knight.
The orc knight hits you from afar with a +0 glaive!!
You die...

##.## ≈≈.....≈≈..## .#+#
≈...⌠...≈≈..# .#
...⌠∩⌠..§...# ##
≈≈....)§≈..# # .≈≈≈≈≈≈≈..# ∆
........)# ∆∆∆ ≈.
###########+###o#########.≈.
.......##.....##R.........≈.
≈≈≈≈≈≈..##.∩.##.@≈)≈)≈≈≈≈≈≈.
.....≈≈..## ##..≈≈..........
####..≈≈..###..)≈..#########
##..≈≈...).≈≈..##
##..≈≈≈≈)≈≈..##
##.........## ###########


You could see the friendly Hrothgar the knight and an orc knight (ally target).

Vanquished Creatures
  Pikel (D:7)
  Prince Ribbit (D:7)
  A steam dragon (D:7)
  Duvessa (D:7)
  4 orc warriors
  A sky beast (D:7)
  4 ogres
  3 centaurs
  2 lemures (D:7)
  2 kobold brigands
  A bullfrog (D:7)
  2 scorpions (D:5)
  Dowan (D:7)
  A howler monkey (D:5)
  2 centaur skeletons
  4 jellies
  4 hounds
  3 orc priests
  A bullfrog skeleton (D:7)
  Ijyb (D:4)
  2 iguanas
  4 orc wizards
  2 hound skeletons
  A howler monkey zombie (D:6)
  2 gnolls
  6 adders
  A shadow imp (D:6)
  3 worms
  30 orcs
  5 ball pythons
  3 endoplasms
  3 giant cockroaches
  5 goblins
  7 hobgoblins
  2 jackals (D:4)
  5 quokkas
  8 bats
  7 frilled lizards
  11 kobolds
  8 rats
155 creatures vanquished.

Vanquished Creatures (collateral kills)
  An orc warrior (Bailey)
  An ogre (D:6)
  A bullfrog (D:8)
  A centaur zombie (D:8)
  An orc priest (D:8)
  2 orc wizards
  10 orcs
  3 goblins (D:8)
  A kobold (D:7)
21 creatures vanquished.

Vanquished Creatures (others)
  A wizard (D:5)
  An ancestor (D:7)
  6 plants (D:6)
8 creatures vanquished.

Grand Total: 184 creatures vanquished

Notes
Turn   | Place    | Note
-------+----------+-------------------------------------------
     0 | D:1      | DocClef the Gnoll Ice Elementalist began the quest for the
                  | Orb.
     0 | D:1      | Reached XP level 1. HP: 13/13 MP: 6/6
   370 | D:1      | Reached XP level 2. HP: 19/19 MP: 7/7
   732 | D:1      | Found a faded altar of an unknown god.
  1298 | D:2      | Reached skill level 5 in Spellcasting
  1298 | D:2      | Reached XP level 3. HP: 8/25 MP: 6/9
  1619 | D:2      | Reached skill level 1 in Invocations
  1792 | D:2      | Reached skill level 1 in Fighting
  1792 | D:2      | Reached skill level 1 in Short Blades
  1792 | D:2      | Reached skill level 1 in Long Blades
  1792 | D:2      | Reached skill level 1 in Axes
  1792 | D:2      | Reached skill level 1 in Maces & Flails
  1792 | D:2      | Reached skill level 1 in Polearms
  1792 | D:2      | Reached skill level 1 in Staves
  1792 | D:2      | Reached skill level 1 in Slings
  1792 | D:2      | Reached skill level 1 in Bows
  1792 | D:2      | Reached skill level 1 in Crossbows
  1792 | D:2      | Reached skill level 1 in Throwing
  1792 | D:2      | Reached skill level 1 in Armour
  1792 | D:2      | Reached skill level 1 in Shields
  1792 | D:2      | Reached skill level 1 in Unarmed Combat
  1792 | D:2      | Reached skill level 1 in Evocations
  1792 | D:2      | Reached XP level 4. HP: 16/32 MP: 9/11
  2416 | D:3      | Learned a level 3 spell: Frozen Ramparts
  2420 | D:3      | Learned a level 3 spell: Ozocubu's Armour
  2521 | D:3      | Reached skill level 1 in Conjurations
  2521 | D:3      | Reached skill level 1 in Hexes
  2521 | D:3      | Reached skill level 1 in Summonings
  2521 | D:3      | Reached skill level 1 in Necromancy
  2521 | D:3      | Reached skill level 1 in Translocations
  2521 | D:3      | Reached skill level 1 in Transmutations
  2521 | D:3      | Reached skill level 1 in Fire Magic
  2521 | D:3      | Reached skill level 1 in Air Magic
  2521 | D:3      | Reached skill level 1 in Earth Magic
  2521 | D:3      | Reached skill level 1 in Poison Magic
  3026 | D:3      | Found a shadowy altar of Dithmenos.
  3029 | D:3      | Found an iron altar of Okawaru.
  3043 | D:3      | Reached XP level 5. HP: 27/37 MP: 5/12
  3057 | D:3      | Gained mutation: You tend to lose your temper in combat.
                  | [potion of mutation]
  3057 | D:3      | Gained mutation: You have supernaturally acute eyesight.
                  | (SInv) [potion of mutation]
  3057 | D:3      | Gained mutation: Your body sometimes deteriorates upon
                  | taking damage. [potion of mutation]
  3057 | D:3      | Gained mutation: You are strong-willed. (Will+) [potion of
                  | mutation]
  3275 | D:3      | Found an ancient bone altar of Kikubaaqudgha.
  3275 | D:3      | Found a burning altar of Makhleb.
  3279 | D:3      | Found a sparkling altar of Nemelex Xobeh.
  3550 | D:4      | Noticed Natasha
  3882 | D:4      | Found a glowing silver altar of Zin.
  3916 | D:4      | Noticed Ijyb
  3929 | D:4      | Killed Ijyb
  3945 | D:4      | Reached XP level 6. HP: 40/44 MP: 9/13
  4113 | D:4      | Found a staircase to the Ecumenical Temple.
  4149 | Temple   | Entered the Ecumenical Temple
  4484 | Temple   | Became a worshipper of Hepliaklqana the Forgotten
  4645 | D:4      | Reached skill level 5 in Dodging
  4974 | D:5      | Entered Level 5 of the Dungeon
  5127 | D:5      | Found a bloodstained altar of Trog.
  5214 | D:5      | Noticed a wizard
  5220 | D:5      | Killed a wizard
  5289 | D:5      | Reached XP level 7. HP: 36/50 MP: 15/15
  5299 | D:5      | Lost mutation: You are strong-willed. (Will+) [potion of
                  | mutation]
  5299 | D:5      | Lost mutation: You tend to lose your temper in combat.
                  | [potion of mutation]
  5299 | D:5      | Gained mutation: You are agile. (Dex +2) [potion of
                  | mutation]
  5299 | D:5      | Gained mutation: Your system is resistant to poisons.
                  | (rPois) [potion of mutation]
  5889 | D:5      | Reached skill level 5 in Stealth
  6242 | D:5      | Reached XP level 8. HP: 33/57 MP: 10/16
  6701 | D:6      | Identified the amulet "Pen Nuc" {RegenMP rPois rF- Str+5
                  | SInv}
  7318 | D:6      | Reached * piety under Hepliaklqana
  7333 | D:6      | Found a transporter.
  7355 | D:6      | Noticed Diggabert's ghost (amateur FoAK)
  7379 | D:6      | Found a transporter.
  7970 | D:7      | Noticed a kobold demonologist
  7974 | D:7      | Found a transporter.
  7982 | D:7      | Noticed a kobold demonologist
  8020 | D:7      | Noticed Prince Ribbit
  8186 | D:7      | Reached XP level 9. HP: 21/58 MP: 16/18
  8421 | D:7      | Killed Prince Ribbit
  8493 | D:7      | Noticed Pikel
  8502 | D:7      | Killed Pikel
  8503 | D:7      | Reached skill level 8 in Ice Magic
  8800 | D:7      | Found a runed translucent door.
  8802 | D:7      | Noticed a cyclops
  8802 | D:7      | Noticed dornbeast's ghost (novice HuIE)
  8850 | D:7      | Found a transporter.
  8976 | D:7      | Reached skill level 5 in Invocations
  8992 | D:7      | Noticed Dowan
  8998 | D:7      | Noticed Duvessa
  9007 | D:7      | Killed Duvessa
  9008 | D:7      | Killed Dowan
  9086 | D:7      | Identified the +11 quarterstaff "Spiderslayer" {antimagic,
                  | rC+ Will- Str+8}
  9619 | D:8      | Found a flagged portal.
  9628 | Bailey   | Entered a bailey
  9661 | Bailey   | Reached XP level 10. HP: 31/65 MP: 20/20
  9828 | Bailey   | Reached ** piety under Hepliaklqana
  9829 | Bailey   | Remembered your ancestor Hrothgar as a knight
  9918 | Bailey   | Noticed an orc knight
  9963 | Bailey   | Demolished by an orc knight

Illustrated notes

Levels and vault maps discovered:
D:1:      mrwooster_arrival_arrow, layout_basic,
          dreamdust_ecumenical_altar_angels_and_demons
D:2:      layout_basic
D:3:      layout_rooms, minitemple
D:4:      layout_basic, zin_academy, minmay_temple_entry_glass, uniq_natasha,
          uniq_ijyb
D:5:      minmay_spotlight, layout_basic, trog_wizard, chequers_mini_garden,
          minmay_puff
D:6:      layout_basic, gammafunk_ghost_gnarly_gnolls
D:7:      gammafunk_wand_slinger, layout_layer_cave, ebering_ghost_inner_flame,
          minmay_misc_feat_roman, uniq_duvessa, uniq_prince_ribbit1, uniq_pikel
D:8:      minmay_chambers_of_sixes, layout_loops_cross, enter_bailey_3,
          serial_shops, shop, kennysheep_kite_vault
Temple:   minmay_temple_curvy_branch
Bailey:   bailey_polearm_1, bailey

Skill      XL: |  1  2  3  4  5  6  7  8  9 |
---------------+----------------------------+-----
Spellcasting   | 5 6 7 |  7.1
Invocations    | 1 2 3 4 5 |  5.4
Fighting       | 1 2 3 4 |  4.9
Short Blades   | 1 2 3 4 |  4.9
Long Blades    | 1 2 3 4 |  4.9
Axes           | 1 2 3 4 |  4.9
Maces & Flails | 1 2 3 4 |  4.9
Polearms       | 1 2 3 4 |  4.9
Staves         | 1 2 3 4 |  4.9
Slings         | 1 2 3 4 |  4.9
Bows           | 1 2 3 4 |  4.9
Crossbows      | 1 2 3 4 |  4.9
Throwing       | 1 2 3 4 |  4.9
Armour         | 1 2 3 4 |  4.9
Shields        | 1 2 3 4 |  4.9
Unarmed Combat | 1 2 3 4 |  4.9
Evocations     | 1 2 3 4 |  4.9
Conjurations   | 1 2 3 4 |  4.0
Hexes          | 1 2 3 4 |  4.0
Summonings     | 1 2 3 4 |  4.0
Necromancy     | 1 2 3 4 |  4.0
Translocations | 1 2 3 4 |  4.0
Transmutations | 1 2 3 4 |  4.0
Fire Magic     | 1 2 3 4 |  4.0
Air Magic      | 1 2 3 4 |  4.0
Earth Magic    | 1 2 3 4 |  4.0
Poison Magic   | 1 2 3 4 |  4.0
Dodging        | 5 6 |  6.8
Stealth        | 5 6 |  6.5
Ice Magic      | 8 |  8.3

Action                   |  1- 3 |  4- 6 |  7- 9 | 10-12 || total
-------------------------+-------+-------+-------+-------++-------
Melee: Dagger            |   106 |    69 |       |       ||   175
       Bite              |     8 |    11 |    25 |       ||    44
       Punch             |     1 |       |       |       ||     1
       Halberd           |       |    56 |    82 |       ||   138
       Trident           |       |       |   139 |    31 ||   170
 Cast: Freeze            |     7 |    12 |     8 |       ||    27
       Ozocubu's Armour  |       |     7 |    21 |     2 ||    30
       Frozen Ramparts   |       |     4 |    15 |     1 ||    20
Invok: Recall Ancestor   |       |       |     1 |       ||     1
       Ancestor Life: Kn |       |       |       |     1 ||     1
  Use: Potion            |       |     5 |     1 |       ||     6
       Scroll            |       |       |     9 |       ||     9
 Stab: Sleeping          |     4 |     7 |     9 |       ||    20
Armor: Robe              |    17 |    32 |    38 |       ||    87
       Skin              |       |     2 |       |       ||     2
       Steam dragon scal |       |       |    31 |    13 ||    44
Dodge: Dodged            |    63 |    76 |   207 |    22 ||   368
Block: Other             |    29 |    34 |    19 |       ||    82
